 Dungeon Crawl Stone Soup version 0.21.1 (webtiles) character file.

44 Gargoyl the Skirmisher (level 3, 0/31 HPs)
             Began as a Centaur Abyssal Knight on Feb 2, 2018.
             Was a Follower of Lugonu.
             Slain by Sigmund
             ... wielding a +0 scythe
              (7 damage)
             ... on level 2 of the Dungeon.
             The game lasted 00:03:10 (1467 turns).

Gargoyl the Skirmisher (Centaur Abyssal Knight)     Turns: 1467, Time: 00:03:11

Health: 0/31       AC:  8    Str: 14    XL:     3   Next: 41%
Magic:  5/5        EV:  4    Int: 11    God:    Lugonu [*.....]
Gold:   72         SH:  0    Dex:  9    Spells: 2/2 levels left

rFire    . . .     SeeInvis .   a - +1 hand axe
rCold    . . .     Gourm    .   (no shield)
rNeg     . . .     Faith    .   e - +0 chain mail
rPois    .         Spirit   .   (no helmet)
rElec    .         Reflect  .   (no cloak)
rCorr    .         Harm     .   i - +0 pair of gloves
MR       .....                  (no barding)
Stlth    ..........             (no amulet)
HPRegen  0.10/turn              (no ring)
MPRegen  0.09/turn              (no ring)

@: hasted, very quick
A: large, hooves 3, deformed body, speed 2, tough skin 3
a: Depart the Abyss, Renounce Religion


You were on level 2 of the Dungeon.
You worshipped Lugonu.
Lugonu was aware of your devotion.
You were not hungry.

You visited 1 branch of the dungeon, and saw 2 of its levels.
You visited the Abyss 1 time.

You collected 72 gold pieces.

Inventory:

Hand Weapons
 a - a +1 hand axe (weapon)
Armour
 e - a +0 chain mail (worn)
 i - a +0 pair of gloves (worn)
Scrolls
 b - a scroll of remove curse
 f - 3 scrolls of identify
 j - a scroll of noise {unknown}
Potions
 g - a potion of curing
Books
 d - a book of the Dragon

   Spells                             Type                      Level
   a - Flame Tongue                   Conjuration/Fire             1
   b - Cause Fear                     Hexes                        4
   c - Bolt of Fire                   Conjuration/Fire             6
   d - Dragon Form                    Transmutation                7
   e - Dragon's Call                  Summoning                    9
Comestibles
 c - 2 rations


   Skills:
 + Level 3.4 Fighting
 + Level 2.2 Axes
 * Level 1.9 Armour
 + Level 0.6 Dodging
 * Level 2.7 Invocations


You had 2 spell levels left.
You didn't know any spells.

Dungeon Overview and Level Annotations

Branches:
Dungeon (2/15)

Altars:

Annotations:
D:2 Sigmund


Innate Abilities, Weirdness & Mutations

You have hooves in place of feet.
Armour fits poorly on your strangely shaped body.
You cover ground very quickly.
You have extremely tough skin. (AC +3)


Message History

Unknown command.
It was a potion of haste.
You feel yourself speed up.
Sigmund hits you from afar with a scythe.
There is a stone staircase leading up here.
You hit Sigmund.
Sigmund is heavily wounded.
Sigmund hits you with a scythe!
You hit Sigmund. Your kick misses Sigmund.
Sigmund is heavily wounded.
You feel less confused.
You hit Sigmund. Your kick misses Sigmund.
Sigmund is heavily wounded.
Sigmund hits you with a scythe.
* * * LOW HITPOINT WARNING * * *
You hit Sigmund. Your kick misses Sigmund.
Sigmund is severely wounded.
You hit Sigmund. Your kick misses Sigmund.
Sigmund is severely wounded.
Sigmund hits you with a scythe!
You die...

...#.# #..#.#.#
#. #.#..#.#.# #@
#.#..#.#.#
#..#.#..#.#.#
##..#.#..#.#.###
.........#.....#
# #.#.@@...#
###..#.#)###..#.#
..........g.....#
####.#.#.#.##...#
#.#.#.# ...#
#.#.#.. ...#
#.#.##.#...#
+...# .#...#
#.### .#....


You could see Sigmund.

Vanquished Creatures
  2 adders (D:1)
  2 leopard geckos (D:1)
  2 giant cockroaches (D:1)
  A goblin (D:1)
  A hobgoblin (D:2)
  4 kobolds (D:1)
  A ball python (D:1)
  7 bats (D:1)
  A frilled lizard (D:2)
  4 rats (D:1)
25 creatures vanquished.

Notes
Turn   | Place    | Note
-------+----------+-------------------------------------------
     0 | Abyss:1  | Gargoyl the Centaur Abyssal Knight began the quest for the Orb.
     0 | Abyss:1  | Reached XP level 1. HP: 19/19 MP: 2/2
     5 | Abyss:1  | Found a corrupted altar of Lugonu.
    16 | Abyss:2  | Found a corrupted altar of Lugonu.
    45 | Abyss:2  | Noticed a soul eater
    67 | D:1      | Escaped the Abyss
    86 | D:1      | Reached * piety under Lugonu
   199 | D:1      | Reached XP level 2. HP: 26/26 MP: 3/3
   864 | D:2      | Noticed Sigmund
   878 | D:1      | Reached XP level 3. HP: 28/31 MP: 4/4
  1467 | D:2      | Slain by Sigmund

Skill      XL: |  1  2 |
---------------+-------+-----
Axes           | 2 |  2.2
Fighting       | |  3.4
Armour         | |  1.9
Dodging        | |  0.6
Invocations    | |  2.7

Action                   || total
-------------------------++-------
Melee: Hand axe          ||    91
       Kick              ||    13
Invok: Depart the Abyss  ||     1
  Use: Scroll            ||     2
       Potion            ||     1
  Eat: Chunk             ||     1
Armor: Chain mail        ||   106
Dodge: Dodged            ||    21
